 Dungeon Crawl Stone Soup version 0.28-a0-1404-g4df0f3684d (webtiles) character file.

Game seed: 824983472931228186

1584 lonewolfV2 the Chopper (level 8, 0/90 HPs)
             Began as a Demonspawn Gladiator on Jan 5, 2022.
             Was an Initiate of Ru.
             Slain by a gnoll (5 damage)
             ... on level 5 of the Dungeon.
             The game lasted 00:15:41 (5986 turns).

lonewolfV2 the Chopper (Demonspawn Gladiator)       Turns: 5986, Time: 00:15:41

Health: 0/90       AC: 24    Str: 20    XL:     8   Next: 61%
Magic:  7/10       EV:  2    Int: 15    God:    Ru [......]
Gold:   62         SH:  0    Dex: 18    Spells: 10/10 levels left

rFire   + . .      SeeInvis .   o - +8 quarterstaff of Jedol {flame, Str+4}
rCold   x . .      Faith    .   (shield currently unavailable)
rNeg    . . .      Spirit   .   (armour currently unavailable)
rPois   +          Reflect  .   (helmet currently unavailable)
rElec   .          Harm     .   (cloak currently unavailable)
rCorr   .          Rampage  .   (gloves currently unavailable)
Will    +....      NoTele   +   (boots currently unavailable)
Stlth   ++........              (no amulet)
HPRegen 0.25/turn               k - +6 ring of intelligence
MPRegen 0.12/turn               f - ring of fire

@: tree-form, unable to read
A: stationary, stasis, torment immunity, boosted hp, demonic guardian 2, powered
by death 1, (demonic touch 2), agile 1, strong-willed 1, inability to read while
threatened
a: Renounce Religion


You were on level 5 of the Dungeon.
You worshipped Ru.
Ru was noncommittal.
You were a tree.
You visited 2 branches of the dungeon, and saw 6 of its levels.
You also visited: Sewer.

You collected 122 gold pieces.
You spent 60 gold pieces at shops.

Inventory:

Hand Weapons
 a - a +0 war axe
 o - the +8 quarterstaff of Jedol (weapon) {flame, Str+4}
   (You found it on level 4 of the Dungeon)

   It burns those it strikes, dealing additional fire damage.
   Str:       It affects your strength (+4).
 p - a +0 vampiric short sword
Missiles
 d - 3 throwing nets (quivered)
Armour
 b - a +1 leather armour (melded)
 c - a +0 helmet (melded)
Jewellery
 f - a ring of fire (right branch)
 k - a +6 ring of intelligence (left branch)
Wands
 h - a wand of flame (14)
 l - a wand of polymorph (7)
Scrolls
 i - a scroll of teleportation
 n - a scroll of vulnerability
 q - 2 scrolls of silence {unknown}
 s - a scroll of immolation {unknown}
 t - a scroll of blinking
Potions
 g - a potion of flight


   Skills:
 + Level 4.0 Fighting
 + Level 2.6(3.0) Short Blades
 + Level 2.1(2.8) Long Blades
 + Level 5.0(5.3) Axes
 + Level 1.5(4.1) Maces & Flails
 + Level 1.5(4.1) Polearms
 + Level 3.0(3.4) Staves
 + Level 1.5(2.3) Slings
 + Level 1.5 Bows
 + Level 1.5 Crossbows
 + Level 2.5(2.8) Throwing
 + Level 3.8 Armour
 + Level 4.7 Dodging
 + Level 2.2 Stealth
 + Level 2.8 Shields
 + Level 1.5 Unarmed Combat
 + Level 1.5 Spellcasting
 + Level 1.7 Conjurations
 + Level 2.7 Hexes
 + Level 1.7 Summonings
 + Level 1.9 Necromancy
 + Level 1.5 Translocations
 + Level 1.5 Transmutations
 + Level 1.5 Fire Magic
 + Level 1.7 Ice Magic
 + Level 1.5 Air Magic
 + Level 1.6 Earth Magic
 + Level 1.7 Poison Magic
 + Level 2.3 Invocations
 + Level 1.7 Evocations


You had 10 spell levels left.
You didn't know any spells.
Your spell library contained the following spells:

 Spells                   Type           Power      Damage    Failure   Level
 Apportation              Tloc           10%        N/A       13%         1
 Alistair's Intoxication  Tmut/Pois      4%         N/A       97%         5
 Borgnjor's Revivificati  Necr           3%         N/A       100%        8
 Necromutation            Tmut/Necr      3%         N/A       100%        8
 Death's Door             Necr           3%         N/A       100%        9


Dungeon Overview and Level Annotations

Branches:
Dungeon (5/15)             Temple (1/1) D:4           Sewer (visited)

Altars:
Cheibriados
Gozag
Hepliaklqana
Kikubaaqudgha
Nemelex Xobeh
Okawaru
Ru
Sif Muna
Trog
Uskayaw
Vehumet
Xom
Zin
The Shining One

Shops:
D:1 *   D:5 !(

Annotations:
D:2 1 runed translucent door, Crazy Yiuf
D:4 2 transporters


Innate Abilities, Weirdness & Mutations

You are a tree.
Your roots penetrate the ground, keeping you stationary.
You cannot be teleported.
You are immune to unholy pain and torment.
Your maximum health is greatly increased.
Your equipment is partially melded.
A demonic guardian rushes to your aid.
You regenerate a little health from kills.
((Your touch may inflict irresistible damage on your foes.))
You are agile. (Dex +2)
You are strong-willed. (Will+)
You sometimes lose the ability to read scrolls when taking damage.


Message History

Your Transmutations skill increases to level 1!
Your Fire Magic skill increases to level 1!
Your Ice Magic skill increases to level 1!
Your Air Magic skill increases to level 1!
Your Earth Magic skill increases to level 1!
Your Poison Magic skill increases to level 1!
Your Invocations skill gained 2 levels and is now at level 2!
Your Evocations skill increases to level 1!
You have reached level 8!
You feel agile.
Your demonic ancestry asserts itself...
A wave of death washes over you. The gnoll closely misses you.
The gnoll hits you with a +0 flail.
* * * LOW HITPOINT WARNING * * *
The gnoll hits you with a +0 halberd.
* * * LOW HITPOINT WARNING * * *
A demonic guardian appears!
The gnoll misses you. The gnoll barely misses you.
The gnoll shaman calls upon its god to heal the gnoll.
The gnoll is healed somewhat.
Unknown command.
You barely miss the gnoll shaman. The gnoll hits you with a +0 flail!
* * * LOW HITPOINT WARNING * * *
The gnoll barely misses you. The gnoll closely misses you.
The gnoll barely misses you. x2; The gnoll hits you with a +0 whip.
* * * LOW HITPOINT WARNING * * *
Your ice devil hits the gnoll.
Your ice devil freezes the gnoll!
The gnoll dies!
The gnoll misses you.
Okay, then.
Really quaff the potion of lignification?
You turn into a tree.
Your +0 helmet melds into your body.
Your +1 leather armour melds into your body.
Your roots penetrate the ground.
The gnoll hits you.
* * * LOW HITPOINT WARNING * * *
The gnoll hits you but does no damage. x3; The gnoll completely misses you.
You hit the gnoll shaman. You burn the gnoll shaman.
The gnoll shaman is lightly wounded.
The gnoll throws a throwing net.
The throwing net hits your ice devil.
Your ice devil is caught in the net!
The gnoll hits you but does no damage. The gnoll hits you with a +0 halberd.
You die...

...# ######..# #....#..#
#....#..# ++#....#..#
..........# ......ggg.#
...g..4♣gg# ++#...g#g.#
#(...#..# #....#..#
######..####
..##########......## #.....
...................## .....
######.####........#####....
#.##......#...#<#......


You could see a gnoll shaman, 7 gnolls and a friendly ice devil (summoned,
caught).

Vanquished Creatures
  A steam dragon (D:5)
  An ogre (D:5)
  A sky beast (D:5)
  A scorpion (D:4)
  4 hounds
  Natasha (thrice) (D:2)
  2 gnolls
  5 adders
  A shadow imp (Sewer)
  An adder skeleton (D:4)
  3 dart slugs (D:1)
  An orc (D:3)
  8 bats
  A bat skeleton (D:2)
  2 bat zombies (Sewer)
  9 endoplasms
  2 giant cockroaches (D:1)
  6 goblins
  7 hobgoblins
  A jackal (D:5)
  3 quokkas
  5 ball pythons
  2 frilled lizards
  A jackal skeleton (D:2)
  9 kobolds
  9 rats
89 creatures vanquished.

Vanquished Creatures (collateral kills)
  A gnoll sergeant (D:5)
  3 gnolls (D:5)
  An adder (D:3)
  An ufetubus (Sewer)
  A ball python (D:2)
  A jackal (D:5)
  A quokka (D:3)
9 creatures vanquished.

Vanquished Creatures (others)
  3 withered plants (D:2)
3 creatures vanquished.

Grand Total: 101 creatures vanquished

Notes
Turn   | Place    | Note
-------+----------+-------------------------------------------
     0 | D:1      | lonewolfV2 the Demonspawn Gladiator began the quest for the
                  | Orb.
     0 | D:1      | Reached XP level 1. HP: 16/16 MP: 1/1
   343 | D:1      | Gained mutation: Your touch may inflict minor irresistible
                  | damage on your foes. [demonic ancestry]
   343 | D:1      | Reached XP level 2. HP: 22/22 MP: 2/2
   352 | D:1      | Reached skill level 3 in Axes
   876 | D:1      | Found Iweo's General Store.
   881 | D:1      | Reached XP level 3. HP: 21/27 MP: 3/3
  1340 | D:2      | Noticed Natasha
  1356 | D:2      | Killed Natasha
  1357 | D:2      | Gained mutation: A weak demonic guardian rushes to your
                  | aid. [demonic ancestry]
  1357 | D:2      | Reached XP level 4. HP: 9/33 MP: 4/4
  1675 | D:2      | Gained mutation: You sometimes lose the ability to read
                  | scrolls when taking damage. [potion of mutation]
  1675 | D:2      | Gained mutation: You are agile. (Dex +2) [potion of
                  | mutation]
  1675 | D:2      | Gained mutation: You are strong-willed. (Will+) [potion of
                  | mutation]
  1713 | D:2      | Noticed Natasha
  1722 | D:2      | Killed Natasha
  1732 | D:2      | Reached skill level 4 in Axes
  1747 | D:2      | Reached skill level 1 in Armour
  1917 | D:2      | Found a runed translucent door.
  1918 | D:2      | Noticed Crazy Yiuf
  2319 | D:2      | Noticed Natasha
  2326 | D:2      | Killed Natasha
  2327 | D:2      | Gained mutation: Your touch may inflict irresistible damage
                  | on your foes. [demonic ancestry]
  2327 | D:2      | Reached XP level 5. HP: 32/39 MP: 5/5
  3037 | D:3      | Found a sparkling altar of Nemelex Xobeh.
  3172 | D:3      | Found a glowing drain.
  3191 | Sewer    | Entered a sewer
  3607 | Sewer    | Found an ancient bone altar of Kikubaaqudgha.
  3619 | Sewer    | Noticed a phantom
  3847 | D:4      | Found a transporter.
  3998 | D:4      | Found a transporter.
  4092 | D:4      | Found a staircase to the Ecumenical Temple.
  4100 | Temple   | Entered the Ecumenical Temple
  4428 | Temple   | Became a worshipper of Ru the Awakened
  4692 | D:4      | Identified the +8 quarterstaff of Jedol {flame, Str+4}
  4723 | D:4      | Reached skill level 1 in Short Blades
  4723 | D:4      | Gained mutation: A demonic guardian rushes to your aid.
                  | [demonic ancestry]
  4723 | D:4      | Reached XP level 6. HP: 30/46 MP: 6/6
  5057 | D:5      | Entered Level 5 of the Dungeon
  5057 | D:5      | Noticed a sky beast
  5063 | D:5      | Killed a sky beast
  5067 | D:5      | Reached skill level 1 in Staves
  5164 | D:5      | Noticed a steam dragon
  5174 | D:5      | Killed a steam dragon
  5175 | D:5      | Reached skill level 1 in Stealth
  5175 | D:5      | Reached XP level 7. HP: 35/52 MP: 7/7
  5321 | D:5      | Found Kulof's Antique Weapon Shoppe.
  5661 | D:5      | Found Bestryng's Distillery.
  5669 | D:5      | Bought a potion of heal wounds for 60 gold pieces
  5716 | D:5      | HP: 1/52 [gnoll sergeant (8)]
  5983 | D:5      | Reached skill level 5 in Axes
  5983 | D:5      | Reached skill level 1 in Maces & Flails
  5983 | D:5      | Reached skill level 1 in Polearms
  5983 | D:5      | Reached skill level 1 in Slings
  5983 | D:5      | Reached skill level 1 in Bows
  5983 | D:5      | Reached skill level 1 in Crossbows
  5983 | D:5      | Reached skill level 1 in Unarmed Combat
  5983 | D:5      | Reached skill level 1 in Spellcasting
  5983 | D:5      | Reached skill level 1 in Conjurations
  5983 | D:5      | Reached skill level 1 in Summonings
  5983 | D:5      | Reached skill level 1 in Necromancy
  5983 | D:5      | Reached skill level 1 in Translocations
  5983 | D:5      | Reached skill level 1 in Transmutations
  5983 | D:5      | Reached skill level 1 in Fire Magic
  5983 | D:5      | Reached skill level 1 in Ice Magic
  5983 | D:5      | Reached skill level 1 in Air Magic
  5983 | D:5      | Reached skill level 1 in Earth Magic
  5983 | D:5      | Reached skill level 1 in Poison Magic
  5983 | D:5      | Reached skill level 1 in Evocations
  5983 | D:5      | Gained mutation: You regenerate a little health from kills.
                  | [demonic ancestry]
  5983 | D:5      | Reached XP level 8. HP: 18/60 MP: 7/10
  5984 | D:5      | HP: 3/60 [gnoll (1)]
  5986 | D:5      | Slain by a gnoll

Illustrated notes

Levels and vault maps discovered:
D:1:      tarquinn_simple_flora_water_f, layout_basic, serial_shops, shop,
          st_stairs_2, minmay_quantized
D:2:      layout_loops_ring, serial_undead, serial_undead_e, serial_undead_a,
          serial_undead_d, serial_undead_e, uniq_natasha,
          uniq_crazy_yiuf_cottage
D:3:      layout_rooms, nemelex_diamond_rough_becter, portal_sewer_entry_b,
          ebering_dispersal_statue_hall
D:4:      gammafunk_wand_slinger, layout_cave_pools,
          minmay_temple_entry_glassed_door
D:5:      layout_cave_pools, serial_gnoll_camp, gnoll_camp_mini_doghouse,
          gnoll_camp_medium_02, gnoll_camp_mini_hut, gnoll_camp_mini_hut,
          gnoll_camp_mini_loothouse, serial_shops, nicolae_lakefront_shop,
          shop_fountains, hangedman_decor_growths, glass_columns_a,
          chequers_serial_rivers_room_b
Temple:   oiseaux_autumnal_temple

Skill      XL: |  1  2  3  4  5  6  7 |
---------------+----------------------+-----
Dodging        | 3 4 |  4.7
Axes           | 3 4 5 |  5.0
Armour         | 1 2 3 |  3.8
Short Blades   | 1 2 |  2.6
Staves         | 1 3 |  3.0
Fighting       | 3 4 |  4.0
Stealth        | 1 2 |  2.2
Long Blades    | 2 |  2.1
Maces & Flails | 1 |  1.5
Polearms       | 1 |  1.5
Slings         | 1 |  1.5
Bows           | 1 |  1.5
Crossbows      | 1 |  1.5
Throwing       | 2 |  2.5
Shields        | 2 |  2.8
Unarmed Combat | 1 |  1.5
Spellcasting   | 1 |  1.5
Conjurations   | 1 |  1.7
Hexes          | 2 |  2.7
Summonings     | 1 |  1.7
Necromancy     | 1 |  1.9
Translocations | 1 |  1.5
Transmutations | 1 |  1.5
Fire Magic     | 1 |  1.5
Ice Magic      | 1 |  1.7
Air Magic      | 1 |  1.5
Earth Magic    | 1 |  1.6
Poison Magic   | 1 |  1.7
Invocations    | 2 |  2.3
Evocations     | 1 |  1.7

Action                   |  1- 3 |  4- 6 |  7- 9 || total
-------------------------+-------+-------+-------++-------
Melee: War axe           |    61 |    67 |       ||   128
       Touch             |    11 |    27 |       ||    38
       Short sword       |       |    66 |       ||    66
       Quarterstaff      |       |    19 |    23 ||    42
       Punch             |       |     2 |       ||     2
  Use: Potion            |     1 |     8 |     5 ||    14
       Scroll            |     1 |     5 |       ||     6
 Stab: Sleeping          |       |     1 |       ||     1
Armor: Leather armour    |    25 |    66 |    11 ||   102
       Skin              |       |       |     4 ||     4
Dodge: Dodged            |    44 |   188 |    61 ||   293

Table legend: (Time is in decaauts)
 A = Elapsed time spent in this place.
 B = Non-inter-level travel time spent in this place.
 C = Inter-level travel time spent in this place.
 D = Time resting spent in this place.
 E = Time spent auto-exploring this place.
 F = Levels seen in this place.
 G = Mean time per level.
                   A        B        C        D        E       F      G
               +--------+--------+--------+--------+--------+-----+--------+
         Total |   6061 |   6003 |     58 |    921 |   3611 |   7 |  865.9 |
       Dungeon |   4997 |   4939 |     58 |    731 |   3259 |   5 |  999.4 |
        Temple |    571 |    571 |      0 |      0 |    219 |   1 |  571.0 |
         Sewer |    492 |    492 |      0 |    190 |    133 |   1 |  492.0 |
               +--------+--------+--------+--------+--------+-----+--------+

Top non-repeatable levels by time:
     D:1: 1331 daAuts
     D:2: 1279 daAuts
     D:5: 922 daAuts
     D:4: 740 daAuts
     D:3: 723 daAuts
  Temple: 571 daAuts
   Sewer: 492 daAuts
